 Dungeon Crawl Stone Soup version 0.30-a0-305-g026cb31310 (webtiles) character file.

Game seed: 3148199299592177831

95 McGhostyFace the Vexing (level 4, 0/34 HPs)
             Began as a Gnoll Hexslinger on Oct 22, 2022.
             Constricted to death by a ball python (1 damage)
             ... on level 2 of the Dungeon.
             The game lasted 00:06:15 (2221 turns).

McGhostyFace the Vexing (Gnoll Hexslinger)          Turns: 2221, Time: 00:06:16

Health: 0/34       AC:  4    Str: 10    XL:     4   Next: 66%
Magic:  8/8        EV: 10    Int: 20    God:
Gold:   90         SH:  0    Dex: 12    Spells: 2/9 levels left

rFire   + . .      SeeInvis .    a - +1 sling
rCold   + . .      Faith    .    (no shield)
rNeg    . . .      Spirit   .    c - +0 robe
rPois   +          Reflect  .    (no helmet)
rElec   +          Harm     .    f - +0 cloak
rCorr   +          Rampage  .    e - +0 pair of gloves
Will    .....                    (no boots)
Stlth   ++........               (no amulet)
HPRegen 0.25/turn                h - +6 ring of intelligence
MPRegen 0.11/turn                (no ring)

@: brilliant, lethally poisoned (0 -> -7), resistant, constricted
A: fangs 1, strong nose, distributed training
a: no special abilities


You were on level 2 of the Dungeon.
You visited 1 branch of the dungeon, and saw 3 of its levels.

You collected 90 gold pieces.

Inventory:

Hand Weapons
 a - a +1 sling (weapon)
Missiles
 p - 5 poisoned darts
Armour
 c - a +0 robe (worn)
 e - a +0 pair of gloves (worn)
 f - a +0 cloak (worn)
 n - a +0 leather armour
Jewellery
 h - a +6 ring of intelligence (left hand)
Scrolls
 b - 2 scrolls of poison
 i - 4 scrolls of identify
 j - a scroll of teleportation {unknown}
 m - a scroll of fear {unknown}
 o - a scroll of fog {unknown}
Potions
 k - 3 potions of invisibility
 q - a potion of curing {unknown}


   Skills:
 + Level 2.8 Fighting
 + Level 1.2 Short Blades
 + Level 1.2 Long Blades
 + Level 1.2 Axes
 + Level 1.2 Maces & Flails
 + Level 1.2 Polearms
 + Level 1.2 Staves
 + Level 4.7 Ranged Weapons
 + Level 1.2 Throwing
 + Level 1.2 Armour
 + Level 4.7 Dodging
 + Level 1.2 Stealth
 + Level 1.2 Shields
 + Level 1.2 Unarmed Combat
 + Level 3.0 Spellcasting
 + Level 1.0 Conjurations
 + Level 5.5 Hexes
 + Level 1.0 Summonings
 + Level 1.0 Necromancy
 + Level 1.0 Translocations
 + Level 1.0 Transmutations
 + Level 1.0 Fire Magic
 + Level 1.0 Ice Magic
 + Level 1.0 Air Magic
 + Level 1.0 Earth Magic
 + Level 1.0 Poison Magic
 + Level 1.4 Invocations
 + Level 1.2 Evocations


You had 2 spell levels left.
You knew the following spells:

 Your Spells              Type           Power      Damage    Failure   Level
a - Slow                  Hex            100%       N/A       1%          1
b - Inner Flame           Hex/Fire       24%        N/A       11%         3
c - Portal Projectile     Hex/Tloc       48%        N/A       11%         3

Your spell library contained the following spells:

 Spells                   Type           Power      Damage    Failure   Level
 Cause Fear               Hex            18%        N/A       14%         4
 Ignite Poison            Fire/Tmut/Pois 10%        N/A       28%         3
 Kindle Blastsparks       Fire/Tloc/Air  20%        2d11      28%         3
 Freezing Cloud           Conj/Ice/Air   5%         6-21      95%         5


Dungeon Overview and Level Annotations

Branches:
Dungeon (3/15)

Altars:

Annotations:
D:3 Robin


Innate Abilities, Weirdness & Mutations

You have very sharp teeth.
Your uncanny sense of smell can sniff out nearby items.
Your experience applies equally to all skills.


Message History

The goblin hits you with a +2 dagger of venom.
You are poisoned.
The goblin shoots a sling bullet.
The sling bullet hits you.
You shoot a sling bullet.
The sling bullet closely misses the ball python.
You feel very sick. The ball python closely misses you.
The ball python constricts you. The goblin closely misses you.
The goblin shoots a sling bullet.
The sling bullet hits you but does no damage.
The ball python closely misses you. The ball python constricts you.
Okay, then.
You escape the ball python's grasp.
You feel sick. The orc closely misses you. Robin hits you but does no damage.
The goblin barely misses you.
The goblin shoots a sling bullet.
The sling bullet barely misses you.
You climb upwards.
You feel very sick.
There is a stone staircase leading down here.
The goblin attacks as you move away!
The goblin hits you with a +2 dagger of venom!
You are lethally poisoned!
* * * LOW HITPOINT WARNING * * *
You feel very sick.
The goblin falls through a shaft!
The shaft crumbles and collapses.
The ball python closely misses you. The ball python barely misses you.
Items here: )) [ ÷÷.
Unknown command.
It was a potion of resistance.
You feel protected.
* * * LOW HITPOINT WARNING * * *
You feel very sick. The ball python bites you.
* * * LOW HITPOINT WARNING * * *
The ball python grabs you. The ball python constricts you.
It was a potion of brilliance.
You feel clever all of a sudden.
* * * LOW HITPOINT WARNING * * *
You feel sick. The ball python bites you.
* * * LOW HITPOINT WARNING * * *
The ball python constricts you.
You die...

#....# #.......# #.......
#....# #.......# #.......
#....####.......# ###.......
#...............# #...##....
#...............#
###.#.#....#
###.............#
#...#.###..#
#.............###.###.......
#.......................#.†#
#......####@###.#####.#.#..#
#......##.)S°.............).
#.........)...#.#.....###..#
#......####)#.#.#####.###..#
##.........#)#.#.# #.#....#
#........#.#.#.#.#####.#.##..
#.#####..#...#...............
#.####...#####.#######.#.....
#.##....######.#######.#..###


You could see a ball python.

Vanquished Creatures
  2 adders (D:2)
  A worm (D:2)
  7 dart slugs
  2 orcs (D:2)
  4 ball pythons
  An endoplasm (D:1)
  2 giant cockroaches (D:1)
  6 goblins
  7 hobgoblins
  3 jackals (D:2)
  6 bats
  7 frilled lizards
  5 kobolds
  5 rats
58 creatures vanquished.

Vanquished Creatures (others)
  5 toadstools (D:1)
5 creatures vanquished.

Grand Total: 63 creatures vanquished

Notes
Turn   | Place    | Note
-------+----------+-------------------------------------------
     0 | D:1      | McGhostyFace the Gnoll Hexslinger began the quest for the
                  | Orb.
     0 | D:1      | Reached XP level 1. HP: 17/17 MP: 4/4
   287 | D:1      | Reached XP level 2. HP: 23/23 MP: 5/5
   794 | D:1      | Reached XP level 3. HP: 28/28 MP: 7/7
  1027 | D:2      | Reached skill level 1 in Invocations
  1127 | D:2      | Reached skill level 1 in Short Blades
  1127 | D:2      | Reached skill level 1 in Long Blades
  1127 | D:2      | Reached skill level 1 in Axes
  1127 | D:2      | Reached skill level 1 in Maces & Flails
  1127 | D:2      | Reached skill level 1 in Polearms
  1127 | D:2      | Reached skill level 1 in Staves
  1127 | D:2      | Reached skill level 1 in Throwing
  1127 | D:2      | Reached skill level 1 in Armour
  1127 | D:2      | Reached skill level 1 in Stealth
  1127 | D:2      | Reached skill level 1 in Shields
  1127 | D:2      | Reached skill level 1 in Unarmed Combat
  1127 | D:2      | Reached skill level 1 in Evocations
  1288 | D:2      | Reached XP level 4. HP: 34/34 MP: 8/8
  1671 | D:2      | Reached skill level 1 in Conjurations
  1671 | D:2      | Reached skill level 1 in Summonings
  1671 | D:2      | Reached skill level 1 in Necromancy
  1671 | D:2      | Reached skill level 1 in Translocations
  1671 | D:2      | Reached skill level 1 in Transmutations
  1671 | D:2      | Reached skill level 1 in Fire Magic
  1671 | D:2      | Reached skill level 1 in Ice Magic
  1671 | D:2      | Reached skill level 1 in Air Magic
  1671 | D:2      | Reached skill level 1 in Earth Magic
  1671 | D:2      | Reached skill level 1 in Poison Magic
  1896 | D:3      | Noticed Robin
  2207 | D:2      | Learned a level 3 spell: Inner Flame
  2211 | D:2      | Learned a level 3 spell: Portal Projectile
  2221 | D:2      | HP: 1/34 [ball python (1)]
  2221 | D:2      | Constricted to death by a ball python

Illustrated notes

Levels and vault maps discovered:
D:1:      ldierk_walled_garden, layout_loops_corners
D:2:      layout_basic
D:3:      layout_basic, mainiacjoe_overflow_boulevard,
          nicolae_wu_jian_immortal_techniques, serial_forest,
          infiniplex_forest_pool, infiniplex_forest_clump_double,
          infiniplex_forest_clump_small, infiniplex_forest_lined_2,
          infiniplex_forest_fountain, infiniplex_forest_straight_4,
          infiniplex_forest_clump_cross, infiniplex_forest_clump_C,
          infiniplex_forest_clump_cross, uniq_robin, uniq_crazy_yiuf_cottage

Skill      XL: |  1  2  3  4 |
---------------+-------------+-----
Invocations    | 1 |  1.4
Short Blades   | 1 |  1.2
Long Blades    | 1 |  1.2
Axes           | 1 |  1.2
Maces & Flails | 1 |  1.2
Polearms       | 1 |  1.2
Staves         | 1 |  1.2
Throwing       | 1 |  1.2
Armour         | 1 |  1.2
Stealth        | 1 |  1.2
Shields        | 1 |  1.2
Unarmed Combat | 1 |  1.2
Evocations     | 1 |  1.2
Spellcasting   | 3 |  3.0
Conjurations   | 1 |  1.0
Summonings     | 1 |  1.0
Necromancy     | 1 |  1.0
Translocations | 1 |  1.0
Transmutations | 1 |  1.0
Fire Magic     | 1 |  1.0
Ice Magic      | 1 |  1.0
Air Magic      | 1 |  1.0
Earth Magic    | 1 |  1.0
Poison Magic   | 1 |  1.0
Fighting       | |  2.8
Ranged Weapons | |  4.7
Dodging        | |  4.7
Hexes          | |  5.5

Action                   |  1- 3 |  4- 6 || total
-------------------------+-------+-------++-------
 Fire: Sling             |   123 |    80 ||   203
 Cast: Slow              |       |     3 ||     3
  Use: Potion            |       |     3 ||     3
       Scroll            |       |     1 ||     1
Armor: Robe              |    13 |    25 ||    38
       Skin              |       |     6 ||     6
Dodge: Dodged            |    29 |    69 ||    98

Table legend: (Time is in decaauts)
 A = Elapsed time spent in this place.
 B = Non-inter-level travel time spent in this place.
 C = Inter-level travel time spent in this place.
 D = Time resting spent in this place.
 E = Time spent auto-exploring this place.
 F = Levels seen in this place.
 G = Mean time per level.
                   A        B        C        D        E       F      G
               +--------+--------+--------+--------+--------+-----+--------+
         Total |   2260 |   2231 |     29 |    445 |   1362 |   3 |  753.3 |
       Dungeon |   2260 |   2231 |     29 |    445 |   1362 |   3 |  753.3 |
               +--------+--------+--------+--------+--------+-----+--------+

Top non-repeatable levels by time:
     D:2: 1368 daAuts
     D:1: 873 daAuts
     D:3: 18 daAuts
